Map: [ESL] Oceanborn

Players

gumiho

  • Race: Terran Terran
  • Spawn Location: 11:00

ShoWTimE - Winner!

  • Race: Protoss Protoss
  • League: Master
  • Spawn Location: 5:00

Event: HomeStory Cup XXV

VOD

Have the link to the VOD?

Description

Time

  • Played on: June 23, 2024, 5:22 p.m.
  • Length: 16:19

All games in this series

Show
View Real Time Build Order
Export as new Build Order

gumiho Terran 

Build Orders: Reaper Expand 

Get SALT Encoding   

  12  0:00  SCV  
  13  0:12  SCV  
  14  0:16  Supply Depot  
  14  0:24  SCV  
  15  0:38  SCV  
  15  0:40  Barracks  
  15  0:42  Refinery  
  16  0:50  SCV  
  17  1:02  SCV  
  18  1:14  SCV  
  19  1:27  Orbital Command, Reaper  
  20  1:37  Command Center  
  20  1:45  Supply Depot  
  20  1:52  SCV  
  21  1:59  Marine  
  22  2:05  SCV  
  22  2:06  Factory  
  23  2:10  Refinery  
  23  2:17  Barracks Tech Lab, SCV  
  24  2:29  SCV  
  25  2:38  Marauder  
  25  2:41  SCV  
  28  2:49  Hellion  
  28  2:50  Orbital Command, Starport  
  30  2:53  SCV  
  31  2:59  Concussive Shells, Marauder  
  33  3:07  Supply Depot  
  33  3:10  Orbital Command  
  33  3:11  Hellion  
  35  3:13  SCV  
  36  3:22  Marauder  
  36  3:25  SCV  
  36  3:26  Medivac  
  41  3:32  Hellion  
  43  3:35  SCV  
  43  3:37  SCV  
  45  3:46  Barracks  
  45  3:48  SCV  
  46  3:49  Barracks Reactor  
  46  3:51  Supply Depot  
  46  3:54  Factory Tech Lab  
  46  3:56  Viking  
  46  3:57  SCV  
  49  4:06  SCV  
  51  4:10  SCV  
  51  4:12  Refinery, Engineering Bay  
  51  4:15  Siege Tank  
  48  4:39  Marine x2  
  48  4:43  SCV x2  
  48  4:47  Siege Tank  
  48  4:49  Marine, Bunker  
  48  4:51  Barracks  
  52  4:53  Stimpack  
  52  4:55  SCV x2  
  52  4:57  Marine x2  
  52  4:59  Supply Depot, Refinery  
  56  5:05  Supply Depot  
  56  5:07  Supply Depot, SCV x2, Marine  
  59  5:16  Marine x2  
  55  5:21  Siege Tank  
  55  5:22  SCV x2  
  55  5:25  Marine  
  55  5:26  Medivac  
  63  5:34  Terran Infantry Weapons Level 1, Marine x2  
  65  5:39  Marine  
  65  5:42  Supply Depot  
  66  5:43  SCV  
  66  5:46  Marine  
  66  5:48  SCV  
  69  5:52  Marine x2  
  69  5:55  Supply Depot, SCV, Missile Turret  
  72  5:58  Starport Reactor  
  70  6:04  Marauder  
  70  6:07  Factory Reactor  
  70  6:10  Marine x2  
  70  6:11  Marauder  
  72  6:17  SCV  
  71  6:23  SCV  
  71  6:25  Combat Shield, Marauder  
  74  6:29  SCV  
  75  6:36  Marauder, Medivac  
  75  6:39  Medivac  
  83  6:47  Marauder  
  83  6:48  SCV  
  83  6:49  Supply Depot, SCV  
  83  6:53  Marine  
  86  6:55  Marine  
  86  6:57  Marauder  
  86  7:00  SCV  
  92  7:08  Marauder  
  91  7:17  Marine x2  
  91  7:18  Marauder  
  91  7:19  Command Center  
  91  7:20  SCV  
  91  7:21  SCV  
  96  7:24  Medivac  
  96  7:25  Medivac  
  102  7:30  Marauder  
  102  7:35  Terran Infantry Armor Level 1  
  102  7:44  Marine x2  
  102  7:45  SCV x2, Marauder, Barracks  
  102  7:46  Barracks  
  102  7:47  Widow Mine  
  110  8:09  Supply Depot  
  110  8:10  Supply Depot  
  110  8:12  Engineering Bay, Armory  
  110  8:18  SCV x2, Marine x2  
  110  8:19  Marauder x2  
  118  8:31  Orbital Command, SCV x2  
  118  8:32  Widow Mine  
  118  8:33  Widow Mine, Medivac x2  
  128  8:38  Barracks Tech Lab  
  128  8:39  Barracks Reactor  
  128  8:43  SCV x2  
  130  8:52  Supply Depot  
  130  8:54  Marauder  
  130  8:55  SCV x2, Marauder  
  136  8:57  SCV  
  136  9:01  Terran Infantry Weapons Level 2  
  137  9:04  Marauder  
  137  9:07  SCV x2  
  141  9:11  SCV  
  141  9:14  Marine x2  
  141  9:16  Marauder  
  145  9:19  SCV x2  
  145  9:22  Marauder  
  145  9:23  SCV  
  150  9:26  Marine, Marauder  
  150  9:27  Marine  
  151  9:32  Marine x2  
  151  9:37  Marauder  
  151  9:43  Marine, Marauder  
  151  9:45  SCV x2, Marine  
  139  9:47  Marine  
  139  9:50  Marine x2  
  135  9:55  Terran Infantry Armor Level 2  
  135  9:59  Marauder  
  134  10:00  SCV x2  
  134  10:01  Marine  
  134  10:02  Marine  
  134  10:03  SCV  
  134  10:04  Marine  
  134  10:05  Marauder  
  141  10:07  Marine  
  141  10:08  Marine  
  141  10:12  SCV x2  
  141  10:13  Widow Mine x2  
  149  10:15  SCV  
  149  10:16  Medivac x2  
  149  10:20  Marauder  
  154  10:24  Supply Depot  
  154  10:26  Supply Depot x2  
  154  10:30  SCV x3  
  154  10:35  Ghost Academy  
  157  10:38  Command Center  
  157  10:46  Marauder x2  
  157  10:47  Missile Turret  
  161  10:53  Viking  
  161  10:55  Viking  
  164  10:59  SCV  
  164  11:00  SCV x2  
  167  11:05  Ghost  
  167  11:07  Ghost x2  
  173  11:12  SCV x3  
  173  11:13  Barracks x2  
  173  11:15  Barracks  
  174  11:28  Marine x2  
  174  11:30  Terran Infantry Weapons Level 3  
  174  11:33  Marine  
  174  11:34  Marauder  
  174  11:36  Marauder x2  
  180  11:49  Viking x2  
  180  11:50  Planetary Fortress  
  180  11:52  Missile Turret  
  184  11:55  Marine  
  184  11:56  Marine x3, Marauder  
  184  11:57  Marine, Marauder  
  193  12:03  Barracks Tech Lab x2, Barracks Reactor  
  193  12:15  Terran Infantry Armor Level 3, Marauder  
  193  12:17  Marine, Marauder  
  196  12:25  Marine x2  
  196  12:30  Supply Depot  
  196  12:37  Marine  
  196  12:39  Marine  
  196  12:41  Marauder  
  196  12:44  Marauder  
  196  12:46  Marauder  
  196  12:49  Ghost  
  196  12:51  Ghost  
  196  12:52  Marine x2  
  200  12:58  Command Center  
  179  13:13  Ghost  
  179  13:14  Ghost  
  179  13:15  Marine  
  179  13:16  Marine x3, Marauder  
  179  13:19  Marine x2, Marauder  
  193  13:20  Marine, Medivac  
  194  13:36  Refinery x2  
  194  13:37  Command Center  
  194  13:39  Command Center  
  161  13:43  Sensor Tower  
  161  13:47  Marine x7, Marauder x4  
  172  14:05  Marine x6  
  172  14:06  Marauder  
  172  14:08  Marine x2, Marauder  
  172  14:09  Marauder  
  186  14:17  Refinery  
  186  14:19  Refinery  
  186  14:22  Marine  
  186  14:23  Marine x5, Viking x2  
  186  14:24  Missile Turret  
  194  14:26  Marine, Marauder x2  
  194  14:29  Marine x2  
  135  14:40  Marine x2  
  135  14:42  Marine  
  135  14:43  Marine x2  
  135  14:44  Marine  
  135  14:45  Marauder, Widow Mine  
  144  14:46  Widow Mine  
  144  14:48  Marauder x4  
  144  14:49  Fusion Core  
  144  14:50  Orbital Command x2  
  152  14:55  Planetary Fortress  
  152  15:03  Marine x2  
  152  15:04  Marine  
  152  15:05  Marine, Ghost  
  158  15:09  Marauder, Widow Mine x2  
  158  15:13  Marine x2, Marauder  
  145  15:22  Marauder  
  145  15:26  Marine, Viking x2  
  145  15:27  Marauder  
  147  15:33  Marine x2, Marauder  
  147  15:34  Marauder  
  149  15:35  Marine  
  149  15:36  Marauder  
  151  15:46  Marine x3, Marauder  
  151  15:48  Marauder  
  148  15:55  Marauder  
  148  15:56  Marauder  
  135  15:59  Marine x2  
Show
View Real Time Build Order
Export as new Build Order

ShoWTimE Protoss - Winner!

Build Orders: 1 Gate Expand, Blink Stalkers 

Get SALT Encoding   

  12  0:00  Probe  
  13  0:12  Probe  
  14  0:17  Pylon  
  14  0:24  Probe (Chrono Boost)  
  15  0:36  Gateway, Probe (Chrono Boost)  
  16  0:44  Probe (Chrono Boost)  
  16  0:46  Assimilator  
  17  0:50  Probe  
  18  1:03  Probe  
  19  1:15  Probe  
  20  1:22  Cybernetics Core  
  20  1:31  Nexus  
  20  1:34  Probe  
  21  1:40  Pylon  
  21  1:46  Probe  
  22  1:50  Assimilator  
  22  1:56  Adept (Chrono Boost)  
  22  1:58  Probe  
  25  2:01  Warp Gate  
  25  2:11  Probe  
  26  2:16  Adept (Chrono Boost)  
  28  2:23  Probe  
  28  2:28  Twilight Council  
  29  2:36  Probe (Chrono Boost)  
  30  2:43  Stalker  
  32  2:44  Probe (Chrono Boost)  
  34  2:53  Probe (Chrono Boost)  
  34  2:54  Probe (Chrono Boost)  
  35  2:58  Gateway  
  35  2:59  Probe x2 (Chrono Boost)  
  35  3:00  Blink (Chrono Boost)  
  37  3:10  Probe  
  37  3:11  Probe  
  39  3:22  Robotics Facility  
  39  3:23  Probe x2  
  41  3:27  Gateway  
  41  3:33  Gateway  
  41  3:37  Pylon  
  41  3:39  Probe  
  42  3:43  Probe  
  43  3:50  Stalker  
  43  3:53  Probe  
  43  3:55  Probe  
  47  3:56  Stalker  
  47  3:58  Pylon  
  49  4:03  Assimilator  
  49  4:07  Warp Prism (Chrono Boost)  
  47  4:15  Stalker  
  51  4:19  Stalker  
  51  4:22  Stalker  
  49  4:34  Stalker  
  49  4:36  Probe  
  47  4:38  Stalker  
  47  4:39  Probe  
  44  4:49  Stalker  
  44  4:50  Stalker  
  44  4:52  Probe x2  
  50  5:02  Stalker  
  50  5:04  Probe x2  
  50  5:05  Stalker  
  56  5:08  Pylon  
  54  5:21  Probe  
  54  5:22  Probe  
  54  5:27  Stalker x3  
  62  5:30  Stalker, Pylon  
  62  5:35  Pylon  
  64  5:39  Observer  
  65  5:50  Nexus  
  65  5:52  Probe x2  
  67  5:58  Assimilator  
  67  6:05  Probe  
  67  6:10  Probe  
  67  6:12  Robotics Bay  
  67  6:13  Forge  
  67  6:17  Probe  
  66  6:20  Observer  
  66  6:22  Probe  
  67  6:28  Gateway  
  67  6:29  Gateway  
  67  6:30  Gateway  
  67  6:31  Probe  
  67  6:32  Gateway, Observer  
  68  6:34  Probe, Pylon  
  69  6:44  Protoss Ground Weapons Level 1 (Chrono Boost)  
  69  6:46  Probe  
  69  6:47  Sentry, Probe  
  71  6:51  Charge (Chrono Boost)  
  73  6:56  Colossus (Chrono Boost)  
  73  6:58  Probe  
  73  6:59  Probe  
  81  7:04  Shield Battery, Extended Thermal Lance (Chrono Boost), Probe  
  82  7:10  Probe  
  82  7:11  Probe  
  84  7:17  Zealot x4  
  84  7:21  Probe  
  84  7:22  Probe  
  93  7:23  Probe  
  93  7:32  Colossus (Chrono Boost)  
  93  7:33  Probe  
  82  7:38  Stalker x2  
  92  7:46  Zealot x3  
  92  7:48  Sentry  
  92  7:50  Probe  
  101  7:52  Probe x2  
  101  7:58  Pylon  
  103  8:00  Stalker  
  103  8:02  Probe  
  103  8:04  Zealot  
  103  8:05  Probe  
  109  8:10  Pylon  
  109  8:16  Probe  
  109  8:19  Shield Battery, Colossus (Chrono Boost)  
  110  8:21  Pylon  
  116  8:31  Protoss Ground Weapons Level 2 (Chrono Boost)  
  116  8:34  Pylon  
  116  8:35  Nexus  
  116  8:47  Zealot x3  
  116  8:48  Zealot  
  124  8:50  Pylon  
  124  8:52  Zealot  
  126  8:56  Zealot  
  126  8:57  Zealot  
  126  8:58  Zealot  
  126  9:02  Probe x3  
  135  9:09  Photon Cannon  
  135  9:10  Disruptor (Chrono Boost)  
  135  9:14  Robotics Facility  
  137  9:30  Zealot x6  
  144  9:41  Probe  
  144  9:42  Zealot x2  
  144  9:43  Photon Cannon  
  145  9:53  Probe x3  
  145  9:54  Pylon  
  145  9:55  Probe  
  145  9:57  Disruptor (Chrono Boost)  
  145  9:59  Zealot  
  147  10:04  Observer (Chrono Boost)  
  147  10:05  Probe x2  
  146  10:11  Zealot x3  
  146  10:13  Shield Battery  
  150  10:16  Stalker x2  
  148  10:22  Zealot x2  
  148  10:25  Disruptor (Chrono Boost)  
  148  10:26  Protoss Ground Weapons Level 3 (Chrono Boost)  
  152  10:28  Disruptor (Chrono Boost)  
  156  10:37  Zealot x2  
  156  10:38  Zealot x2  
  156  10:41  Pylon x2  
  164  10:49  Nexus  
  164  10:53  Pylon  
  164  10:58  Disruptor (Chrono Boost)  
  164  11:01  Disruptor (Chrono Boost), Pylon  
  164  11:03  Zealot x2  
  164  11:04  Zealot x3  
  182  11:08  Pylon  
  182  11:14  Gateway  
  182  11:15  Gateway  
  181  11:32  Stalker x8  
  195  11:44  Nexus  
  195  11:47  Pylon  
  195  11:49  Gateway  
  195  11:50  Gateway  
  195  11:51  Gateway  
  195  11:56  Photon Cannon  
  195  11:58  Shield Battery, Photon Cannon  
  195  11:59  Observer (Chrono Boost)  
  195  12:00  Observer (Chrono Boost)  
  195  12:06  Gateway x2  
  193  12:18  Stalker x3  
  187  12:46  Protoss Ground Armor Level 1 (Chrono Boost)  
  187  12:47  Zealot x10  
  197  12:58  Gravitic Drive (Chrono Boost)  
  197  13:03  Nexus  
  193  13:11  Nexus  
  181  13:12  Pylon  
  181  13:14  Zealot x10, Observer  
  181  13:15  Warp Prism (Chrono Boost)  
  194  13:22  Probe  
  194  13:23  Probe  
  196  13:30  Probe x2  
  198  13:41  Zealot x8  
  188  13:48  Disruptor (Chrono Boost)  
  182  13:55  Probe  
  182  13:56  Probe x2  
  182  14:00  Photon Cannon  
  182  14:01  Shield Battery  
  185  14:05  Zealot x4  
  185  14:06  Zealot x4  
  199  14:10  Probe  
  200  14:21  Zealot  
  200  14:28  Observer  
  164  14:32  Disruptor (Chrono Boost)  
  142  14:39  Zealot x6  
  142  14:40  Zealot x7, Disruptor (Chrono Boost)  
  142  14:45  Probe x3  
  161  14:48  Probe  
  161  14:49  Probe  
  163  15:02  Disruptor (Chrono Boost)  
  167  15:09  Zealot x10  
  167  15:12  Zealot  
  169  15:21  Zealot x4  
  163  15:30  Dark Shrine  
  163  15:33  Zealot x8  
  174  15:36  Observer  
  169  15:46  Zealot x6  
  177  15:55  Zealot x2  
  177  15:56  Zealot x4  
  181  15:58  Zealot x3  
  181  15:59  Zealot x5  
  155  16:10  Stalker x6  
Tags
 
Add a new tag
Caveats
  • Supply blocks, unpowered buildings, or Contaminate may cause inaccurate times.
  • Supply counts are checked every 10 seconds.